 Dungeon Crawl Stone Soup version 0.23.0-3-gf3c87f2 (webtiles) character file.

Game seed: 14118530842906306780

22 Madoushi the Firebug (level 2, 0/20 HPs)
             Began as a Draconian Fire Elementalist on Feb 22, 2019.
             Succumbed to a kobold's poison
             ... on level 1 of the Dungeon.
             The game lasted 00:03:00 (1002 turns).

Madoushi the Firebug (Draconian Fire Elementalist)  Turns: 1002, Time: 00:03:00

Health: 0/20       AC:  4    Str: 10    XL:     2   Next: 68%
Magic:  4/5        EV: 12    Int: 15    God:
Gold:   33         SH:  0    Dex: 11    Spells: 4/5 levels left

rFire    . . .     SeeInvis .   (no weapon)
rCold    . . .     Gourm    .   (no shield)
rNeg     . . .     Faith    .   (armour unavailable)
rPois    .         Spirit   .   (helmet restricted)
rElec    .         Reflect  .   (no cloak)
rCorr    .         Harm     .   (no gloves)
MR       .....                  (no boots)
Stlth    ++........             (no amulet)
HPRegen  0.06/turn              (no ring)
MPRegen  0.09/turn              (no ring)

@: lethally poisoned (0 -> -30), very slightly contaminated
A: unfitting armour, cold-blooded, AC +4
a: no special abilities


You were on level 1 of the Dungeon.
You were hungry.

You visited 1 branch of the dungeon, and saw 1 of its levels.

You collected 33 gold pieces.

Inventory:

Jewellery
 a - a cursed ring of fire {unknown}
Potions
 c - a potion of flight {unknown}
 d - a potion of curing {unknown}
Comestibles
 b - 2 rations


   Skills:
 + Level 0.2 Fighting
 + Level 2.1 Dodging
 + Level 2.0 Stealth
 + Level 0.6 Unarmed Combat
 + Level 2.4 Spellcasting
 + Level 1.0 Conjurations
 + Level 3.1 Fire Magic


You had 4 spell levels left.
You knew the following spells:

 Your Spells              Type           Power        Failure   Level  Hunger
a - Flame Tongue          Conj/Fire      #....        9%          1    #......

Your spell library contained the following spells:

 Spells                   Type           Power        Failure   Level  Hunger
 Throw Flame              Conj/Fire      #.....       14%         2    ###....
 Conjure Flame            Conj/Fire      #.......     26%         3    ###....
 Inner Flame              Hex/Fire       #.......     32%         3    ###....
 Sticky Flame             Conj/Fire      #.......     65%         4    #####..
 Fireball                 Conj/Fire      #.........   94%         5    ######.


Dungeon Overview and Level Annotations

Branches:
Dungeon (1/15)

Altars:


Innate Abilities, Weirdness & Mutations

Your plain brown scales are hard. (AC +4)
You cannot fit into any form of body armour.
You are cold-blooded and may be slowed by cold attacks.


Message History

The kobold is moderately wounded.
You feel sick.
The kobold hits you with a +1 dagger of venom.
You are more poisoned.
You closely miss the kobold.
The kobold is moderately wounded.
* * * LOW HITPOINT WARNING * * *
You feel sick.
The kobold hits you with a +1 dagger of venom.
* * * LOW HITPOINT WARNING * * *
You are more poisoned.
Casting: Flame Tongue (safe; 9% risk of failure)
Confirm with . or Enter, or press ? or * to list all spells.
Aiming: Flame Tongue (safe; 9% risk of failure)
Press: ? - help, Shift-Dir - straight line, f - kobold
Aim: a kobold, wielding a +1 dagger of venom (moderately wounded)
You miscast Flame Tongue.
You are very lightly contaminated with residual magic.
Nothing appears to happen.
You die...

#.. #.# #.. #.#
#.######.# #.#
#.#....... ###
#.####.#.###..# ..#
##..##†# #.## #.#
##.#.##.# #.#8
#.###.##....# #.#'
#.#.###..### # #..' #
#@## #..###.# ###'
#...####K# #......#
#8 .........#
#.).#### ##
...."#.### #...# #
... ... #...# ## .
...#. #...##### #.
........#####.......#
#.
........b.g.†.#.###.#
#. ####....#######.#
#.


You could see a kobold.

Vanquished Creatures
  A leopard gecko (D:1)
  2 ball pythons (D:1)
  A giant cockroach (D:1)
  3 goblins (D:1)
  4 hobgoblins (D:1)
  4 bats (D:1)
  A frilled lizard (D:1)
  4 rats (D:1)
20 creatures vanquished.

Notes
Turn   | Place    | Note
-------+----------+-------------------------------------------
     0 | D:1      | Madoushi the Draconian Fire Elementalist began the quest
                  | for the Orb.
     0 | D:1      | Reached XP level 1. HP: 14/14 MP: 3/3
   451 | D:1      | Reached XP level 2. HP: 20/20 MP: 5/5
  1002 | D:1      | Succumbed to a kobold's poison

Skill      XL: |  1  2 |
---------------+-------+-----
Stealth        | 2 |  2.0
Dodging        | 2 |  2.1
Fighting       | |  0.2
Unarmed Combat | |  0.6
Spellcasting   | |  2.4
Conjurations   | |  1.0
Fire Magic     | |  3.1

Action                   || total
-------------------------++-------
Melee: Unarmed           ||   111
       Tailslap          ||     6
 Cast: Flame Tongue      ||     6
 Stab: Sleeping          ||     1
Armor: Skin              ||    57
Dodge: Dodged            ||   117
